 Dungeon Crawl Stone Soup version 0.29-a0-266-gf56f883ddd (webtiles) character file.

Game seed: 14854094021180599817

311 Zonian the Chiller (level 6, -2/41 HPs)
             Began as a Demonspawn Ice Elementalist on Mar 7, 2022.
             Killed by divine providence
             ... invoked by an orc priest
              (10 damage)
             ... on level 4 of the Dungeon.
             The game lasted 00:07:55 (4371 turns).

Zonian the Chiller (Demonspawn Ice Elementalist)    Turns: 4371, Time: 00:07:55

Health: -2/41      AC:  9    Str:  8    XL:     6   Next: 18%
Magic:  20/20      EV: 13    Int: 18    God:
Gold:   168        SH:  0    Dex: 14    Spells: 4/11 levels left

rFire   . . .      SeeInvis .   s - +0 whip (drain)
rCold   . . .      Faith    .   (no shield)
rNeg    . . .      Spirit   .   a - +0 robe
rPois   .          Reflect  .   (no helmet)
rElec   .          Harm     .   p - +0 cloak
rCorr   .          Rampage  .   i - +0 pair of gloves
Will    .....                   k - +1 pair of boots
Stlth   ++........              f - amulet of magic regeneration
HPRegen 0.13/turn               d - ring of wizardry
MPRegen 0.57/turn               m - ring of magical power

@: no status effects
A: yellow scales 2, spiny 1
a: no special abilities


You were on level 4 of the Dungeon.
You visited 1 branch of the dungeon, and saw 4 of its levels.

You collected 168 gold pieces.

Inventory:

Hand Weapons
 e - a +0 dagger
 l - a +0 spear
 s - a +0 whip of draining (weapon)
 t - a +0 vampiric rapier
Armour
 a - a +0 robe (worn)
 i - a +0 pair of gloves (worn)
 k - a +1 pair of boots (worn)
 p - a +0 cloak (worn)
Jewellery
 d - a ring of wizardry (left hand)
 f - an amulet of magic regeneration (around neck)
 m - a ring of magical power (right hand)
 r - a +4 ring of evasion
 w - a +6 ring of intelligence
Scrolls
 j - a scroll of teleportation
 v - a scroll of magic mapping {unknown}
Potions
 b - a potion of magic
 c - 3 potions of cancellation
 g - a potion of mutation
 h - a potion of lignification
 n - a potion of attraction {unknown}
 o - a potion of might {unknown}
 q - 2 potions of curing {unknown}
 u - 2 potions of flight {unknown}


   Skills:
 + Level 3.3 Dodging
 + Level 3.6 Stealth
 + Level 3.3 Spellcasting
 + Level 4.6 Ice Magic


You had 4 spell levels left.
You knew the following spells:

 Your Spells              Type           Power      Damage    Failure   Level
a - Freeze                Ice            76%        1d9       1%          1
b - Frozen Ramparts       Ice            38%        1d5       2%          3
c - Ozocubu's Armour      Ice            19%        N/A       2%          3

Your spell library contained the following spells:

 Spells                   Type           Power      Damage    Failure   Level
 Shock                    Conj/Air       12%        1d3       6%          1
 Swiftness                Air            3%         N/A       19%         3
 Hailstorm                Conj/Ice       11%        3d5       24%         4
 Airstrike                Air            1%         N/A       50%         4


Dungeon Overview and Level Annotations

Branches:
Dungeon (4/15)
 Temple: D:4-7

Altars:
Zin


Innate Abilities, Weirdness & Mutations

You are mostly covered in yellow scales. (AC +3)
You are partially covered in sharp spines.


Message History

The orc hits you with a +0 hand axe.
The wall freezes the orc.
The wall freezes the adder.
You hit the orc.
You kill the orc!
The wall freezes something.
Reactivating autopickup.
You feel a bit more experienced.
The wall freezes the orc.
You kill the orc!
The wall freezes the adder.
The adder seems to slow down.
You barely miss the adder.
The adder is almost dead.
The wall freezes the orc priest.
The orc priest mumbles some strange prayers to Beogh against you.
Beogh smites you!
* * * LOW HITPOINT WARNING * * *
The wall freezes the adder.
You kill the adder!
You aren't carrying any items that you can evoke.
Unknown command.
Okay, then.
Aiming: Freeze (safe; 1% risk of failure)
Press: ? - help, Q - select action, (/) - cycle Shift-Dir - straight line, f - you
Okay, then.
The wall freezes the orc priest.
Unknown command.
You hit the orc priest but do no damage.
You drain the orc priest.
The orc priest is heavily wounded.
The frozen ramparts melt away.
The orc priest closely misses you.
Unknown command.
You hit the orc priest.
The orc priest is almost dead.
The orc priest hits you with a +0 falchion.
* * * LOW HITPOINT WARNING * * *
Unknown command.
You hit the orc priest.
The orc priest is almost dead.
The orc priest invokes the aid of Beogh against you.
Beogh smites you!
You die...

.. #.# .... .. ...#
##.# #.. ..).# #..#
... ....# #..#
##... #..... ..##
#.... ###)...
...#####...####.o)#
................@#
......###.......##
.....## #......##
###†.## ##.....#
##..###.....##
#...........#
#........##...#
#.#####..# ##...
...# #...# ##.


You could see an orc priest (very drained).

Vanquished Creatures
  A necrophage (D:4)
  An orc priest (D:4)
  Jessica (D:3)
  Natasha (twice) (D:3)
  2 orc wizards (D:4)
  An adder (D:4)
  3 worms
  5 orcs (D:4)
  3 bats
  5 endoplasms
  16 giant cockroaches
  8 goblins
  3 hobgoblins (D:1)
  2 jackals (D:4)
  6 kobolds
  A quokka (D:2)
  A ball python (D:4)
  4 frilled lizards
  4 rats
69 creatures vanquished.

Notes
Turn   | Place    | Note
-------+----------+-------------------------------------------
     0 | D:1      | Zonian the Demonspawn Ice Elementalist began the quest for
                  | the Orb.
     0 | D:1      | Reached XP level 1. HP: 13/13 MP: 3/3
   270 | D:1      | Gained mutation: You are partially covered in yellow
                  | scales. (AC +2) [demonic ancestry]
   270 | D:1      | Reached XP level 2. HP: 19/19 MP: 3/5
  1161 | D:2      | Reached XP level 3. HP: 22/24 MP: 4/6
  1890 | D:2      | Reached skill level 4 in Ice Magic
  2475 | D:3      | Noticed Natasha
  3056 | D:3      | Killed Natasha
  3057 | D:3      | Gained mutation: You are mostly covered in yellow scales.
                  | (AC +3) [demonic ancestry]
  3057 | D:3      | Reached XP level 4. HP: 30/30 MP: 4/7
  3269 | D:3      | Noticed Jessica
  3681 | D:3      | Killed Jessica
  3841 | D:3      | Noticed Natasha
  3851 | D:3      | Killed Natasha
  3852 | D:3      | Reached XP level 5. HP: 34/35 MP: 5/9
  3863 | D:3      | Learned a level 3 spell: Frozen Ramparts
  3867 | D:3      | Learned a level 3 spell: Ozocubu's Armour
  4365 | D:4      | Gained mutation: You are partially covered in sharp spines.
                  | [demonic ancestry]
  4365 | D:4      | Reached XP level 6. HP: 27/41 MP: 10/10
  4371 | D:4      | Killed from afar by an orc priest

Illustrated notes

Levels and vault maps discovered:
D:1:      psy_arrival_terrarium, layout_rooms
D:2:      minmay_roachtagon, layout_loops_ring, basic_altar
D:3:      layout_rooms, uniq_jessica, uniq_natasha
D:4:      layout_layer_cave, nzn_hepliaklqana_mist_gate

Skill      XL: |  1  2  3  4  5 |
---------------+----------------+-----
Stealth        | 2 3 |  3.6
Dodging        | 2 3 |  3.3
Ice Magic      | 4 |  4.6
Spellcasting   | 3 |  3.3

Action                   |  1- 3 |  4- 6 || total
-------------------------+-------+-------++-------
Melee: Unarmed           |     6 |       ||     6
       Dagger            |    33 |       ||    33
       Spear             |    98 |    25 ||   123
       Punch             |     3 |       ||     3
       Whip              |       |    26 ||    26
 Cast: Freeze            |    37 |    18 ||    55
       Frozen Ramparts   |       |     4 ||     4
  Use: Scroll            |     4 |     3 ||     7
 Stab: Sleeping          |     8 |       ||     8
       Distracted        |     1 |       ||     1
Armor: Robe              |    52 |    18 ||    70
Dodge: Dodged            |    94 |    51 ||   145

Table legend: (Time is in decaauts)
 A = Elapsed time spent in this place.
 B = Non-inter-level travel time spent in this place.
 C = Inter-level travel time spent in this place.
 D = Time resting spent in this place.
 E = Time spent auto-exploring this place.
 F = Levels seen in this place.
 G = Mean time per level.
                   A        B        C        D        E       F      G
               +--------+--------+--------+--------+--------+-----+--------+
         Total |   4385 |   4184 |    201 |   1657 |   1803 |   4 | 1096.2 |
       Dungeon |   4385 |   4184 |    201 |   1657 |   1803 |   4 | 1096.2 |
               +--------+--------+--------+--------+--------+-----+--------+

Top non-repeatable levels by time:
     D:2: 1942 daAuts
     D:1: 1098 daAuts
     D:3: 845 daAuts
     D:4: 499 daAuts
